 Dungeon Crawl Stone Soup version 0.31.0-9-g3a7656b989 (console) character file.

Game seed: 17397926972643285575

3198 AlterAsc the Covert (level 9, -2/45 HPs)
             Began as a Vampire Enchanter on Jan 29, 2024.
             Was a Follower of Wu Jian.
             Slain by a black bear (3 damage)
             ... on level 7 of the Dungeon.
             The game lasted 00:17:01 (6214 turns).

AlterAsc the Covert (Vampire Enchanter)             Turns: 6214, Time: 00:17:02

Health: -2/45      AC: 10    Str: 10    XL:     9   Next: 64%
Magic:  12/13      EV: 12    Int: 25    God:    Wu Jian [*.....]
Gold:   357        SH:  0    Dex: 14    Spells: 6/14 levels left

rFire   + . .        J - +7 short sword {venom, Str+3 Int+3}
rCold   + + +        (no shield)
rNeg    + + +        O - +2 robe
rPois   ∞            (no helmet)
rElec   .            z - scarf {rC+ rF+}
rCorr   +            (no gloves)
SInv    +            P - +1 pair of boots
Will    .....        h - amulet of regeneration
Stlth   +++++++      x - ring of resist corrosion
HPRegen 0.00/turn    G - +4 ring of protection
MPRegen 0.13/turn

%: no passive effects
@: bloodless, inhibited regen, invisible
A: bloodless, fangs 3, see invisible, vampiric 2
a: Bat Form, Revivify, Renounce Religion


You were on level 7 of the Dungeon.
You worshipped Wu Jian.
Wu Jian was aware of your devotion.
You visited 2 branches of the dungeon, and saw 9 of its levels.

You collected 357 gold pieces.

Inventory:

Hand Weapons
 a - a +1 dagger
 y - a +3 short sword
 B - a +0 dagger of venom
 J - the +7 short sword of the Evil Eye (weapon) {venom, Str+3 Int+3}
   (You found it on level 6 of the Dungeon)

   Str+3:     It affects your strength (+3).
   Int+3:     It affects your intelligence (+3).
 M - a +2 trident of draining
Missiles
 u - 9 poisoned darts (quivered)
Armour
 r - a scarf of invisibility
 z - a scarf of resistance (worn)
 F - a +2 cloak of willpower
 I - the +0 robe "Qimyel" {*Slow rElec Stlth+}
   (You found it on level 6 of the Dungeon)

   rElec:     It insulates you from electricity.
   *Slow:     It may slow you when you take damage.
   Stlth+:    It makes you more stealthy.
 N - an orb of mayhem
 O - a +2 robe (worn)
 P - a +1 pair of boots (worn)
Jewellery
 h - an amulet of regeneration (around neck)
 w - an amulet of guardian spirit
 x - a ring of resist corrosion (left hand)
 G - a +4 ring of protection (right hand)
 L - a ring of fire
Wands
 A - a wand of mindburst (18)
Scrolls
 f - a scroll of noise {unknown}
 i - 2 scrolls of fear {unknown}
 k - a scroll of poison {unknown}
 l - a scroll of fog {unknown}
 n - 3 scrolls of blinking {unknown}
 o - 4 scrolls of teleportation
 q - a scroll of brand weapon {unknown}
 s - 3 scrolls of identify {unknown}
 C - a scroll of revelation {unknown}
 H - 2 scrolls of amnesia {unknown}
 K - 3 scrolls of torment {unknown}
Potions
 d - a potion of resistance {unknown}
 e - a potion of haste {unknown}
 g - a potion of brilliance {unknown}
 j - 2 potions of enlightenment {unknown}
 p - 4 potions of attraction {unknown}
 t - a potion of mutation {unknown}
 v - 2 potions of might {unknown}
 D - a potion of heal wounds {unknown}
 E - a potion of lignification {unknown}


   Skills:
 + Level 7.7 Short Blades
 - Level 2.1 Dodging
 + Level 12.8 Stealth
 - Level 3.0 Spellcasting
 + Level 12.0 Hexes
 - Level 2.0 Ice Magic


You had 6 spell levels left.
You knew the following spells:

 Your Spells              Type           Power      Damage    Failure   Level
a - Ensorcelled Hibernat  Hex/Ice        76%        N/A       1%          2
b - Confusing Touch       Hex            59%        N/A       1%          3
c - Tukima's Dance        Hex            59%        N/A       1%          3

Your spell library contained the following spells:

 Spells                   Type           Power      Damage    Failure   Level
 Dazzling Flash           Conj/Hex       66%        N/A       2%          3
 Lesser Beckoning         Tloc           6%         N/A       16%         2
 Gell's Gravitas          Tloc           3%         N/A       30%         3
 Stone Arrow              Conj/Erth      6%         3d7       30%         3
 Teleport Other           Tloc           3%         N/A       30%         3
 Animate Armour           Summ/Erth      6%         N/A       69%         4
 Vhi's Electric Charge    Tloc/Air       6%         N/A       69%         4
 Arcjolt                  Conj/Air       1%         1d11      95%         5
 Plasma Beam              Fire/Air       1%         2x1d11    100%        6
 Lehudib's Crystal Spear  Conj/Erth      1%         10d2      100%        8


Dungeon Overview and Level Annotations

Branches:
Dungeon (8/15)             Temple (1/1) D:5            Lair (0/5) D:8

Altars:
Ashenzari
Cheibriados
Dithmenos
Fedhas
Gozag
Hepliaklqana
Kikubaaqudgha
Makhleb
Nemelex Xobeh
Okawaru
Qazlal
Ru
Sif Muna
Trog
Vehumet
Wu Jian
Xom
Yredelemnul


Innate Abilities, Weirdness & Mutations

You do not regenerate when monsters are visible.
You are frail without blood (-20% HP).
You can heal yourself when you bite living creatures.
You are immune to poison.
You have razor-sharp teeth.
You have supernaturally acute eyesight. (SInv)
You are afflicted with vampirism and can become a bat while bloodless.


Message History

There is a stone staircase leading down here.
You climb downwards.
The yak bellows! x2; The black bear growls angrily.
You hear a trumpeting!
Found a bubbling dark potion, a dagger and a glowing morningstar.
Found a staircase to the Lair.
There is a stone staircase leading up here.
There are monsters nearby!
Casting: Ensorcelled Hibernation (safe; 1% risk of failure)
Confirm with . or Enter, or press ? or * to list all spells.
Okay, then.
The yak bellows!
You hit the yak.
The yak is poisoned.
You bite the yak.
You draw the yak's blood!
The yak is lightly wounded.
You hear an angry hiss.
The yak gores you!
You climb upwards.
There is a stone staircase leading down here.
Casting: Ensorcelled Hibernation (safe; 1% risk of failure)
Confirm with . or Enter, or press ? or * to list all spells.
Aiming: Ensorcelled Hibernation (safe; 1% risk of failure)
Press: ? - help, Shift-Dir - straight line, f - yak
Aim: a yak (moderately wounded, poisoned, chance to affect: 65%)
The yak looks drowsy...
The helpless yak fails to defend itself.
You bite the yak, and draw its blood!
You feel better.
You perforate the yak like a sieve!!!
You kill the yak!
The Council accepts your kill.
Your Hexes skill increases to level 12!
You climb downwards.
The yak gores you! The yak closely misses you. The yak gores you!
The yak snorts and paws the ground.
The yak gores you!
There is a stone staircase leading up here.
The yak closely misses you. The yak barely misses you.
The black bear bites you. The black bear misses you. x2
You climb upwards.
There is a stone staircase leading down, spattered with blood here.
You fade into invisibility!
The yak gores you!
* * * LOW HITPOINT WARNING * * *
The black bear closely misses you. x2; The black bear claws you.
You die...

###### #.....
#..'## #..#..
##..#.)
############...#..
#.............####
#.###########.##..
#Y# ##..#.. #@#
######.#.#.. #h#
#........'## #Y#
#.###.......
#.#####.###.#...[.
#....##.##......##
####.##.##.#...##
#.##.##.#####
#.##.##.#
#.##.##.#
#.##.##.#
#.##.##.#


You could see 2 yaks and a black bear (unable to see you).

Vanquished Creatures
  Maurice (D:7)
  Jeremiah (D:7)
  Prince Ribbit (D:5)
  A yak (D:7)
  Menkaure (D:5)
  A water moccasin (D:7)
  An orc warrior (D:7)
  A black bear (D:6)
  2 sky beasts
  An ogre (D:6)
  A centaur (D:5)
  2 phantoms (D:6)
  2 bullfrogs
  A scorpion (D:4)
  5 wights (D:7)
  A howler monkey (D:6)
  3 bombardier beetles
  A jelly (D:6)
  6 hounds
  Crazy Yiuf (D:5)
  Terence (D:3)
  5 iguanas
  6 orc wizards
  10 adders
  A shadow imp (D:5)
  2 ufetubi (D:6)
  7 ribbon worms
  20 orcs
  3 ball pythons
  6 endoplasms
  2 giant cockroaches (D:3)
  2 goblins (D:1)
  8 hobgoblins
  A jackal (D:7)
  5 kobolds
  4 quokkas
  4 bats
  3 frilled lizards
  8 rats
132 creatures vanquished.

Notes
Turn   | Place    | Note
-------+----------+-------------------------------------------
     0 | D:1      | AlterAsc the Vampire Enchanter began the quest for the Orb.
     0 | D:1      | Reached XP level 1. HP: 13/13 MP: 3/3
   351 | D:1      | Reached XP level 2. HP: 2/15 MP: 5/5
   354 | D:1      | Reached skill level 5 in Stealth
   371 | D:1      | Learned a level 2 spell: Ensorcelled Hibernation
   406 | D:1      | Reached skill level 5 in Hexes
   855 | D:2      | Gained mutation: You are afflicted with vampirism and can
                  | become a bat while bloodless. [Vampire growth]
   855 | D:2      | Reached XP level 3. HP: 19/19 MP: 3/6
   933 | D:2      | Identified the +6 war axe of Valiance {spect, *Corrode
                  | Int+9 Dex-5 Stlth+}
  1193 | D:2      | Found a faded altar of an unknown god.
  1608 | D:3      | Noticed Terence
  1618 | D:3      | Killed Terence
  1619 | D:3      | Reached XP level 4. HP: 24/24 MP: 7/7
  1624 | D:3      | Learned a level 3 spell: Confusing Touch
  2152 | D:3      | Reached XP level 5. HP: 28/28 MP: 5/8
  2524 | D:4      | Reached skill level 1 in Ice Magic
  2737 | D:4      | Found a blossoming altar of Fedhas.
  3317 | D:4      | Reached XP level 6. HP: 32/32 MP: 5/10
  3718 | D:5      | Entered Level 5 of the Dungeon
  3718 | D:5      | Noticed Menkaure
  3719 | D:5      | Killed Menkaure
  3736 | D:5      | Found a staircase to the Ecumenical Temple.
  3736 | D:5      | Noticed Prince Ribbit
  3752 | D:5      | Killed Prince Ribbit
  3753 | D:5      | Reached XP level 7. HP: 27/36 MP: 6/11
  3762 | Temple   | Entered the Ecumenical Temple
  3769 | Temple   | Became a worshipper of the Wu Jian Council
  4013 | D:5      | Learned a level 3 spell: Tukima's Dance
  4476 | D:5      | Found a runed translucent door.
  4477 | D:5      | Noticed Crazy Yiuf
  4483 | D:5      | Killed Crazy Yiuf
  4524 | D:6      | Reached XP level 8. HP: 41/41 MP: 9/12
  4640 | D:6      | Reached * piety under Wu Jian
  4686 | D:6      | Identified the +0 robe "Qimyel" {*Slow rElec Stlth+}
  4719 | D:6      | Reached skill level 10 in Stealth
  4726 | D:6      | Identified the +7 short sword of the Evil Eye {venom, Str+3
                  | Int+3}
  4779 | D:6      | Reached skill level 5 in Short Blades
  4971 | D:6      | Found a shimmering blue altar of Sif Muna.
  5007 | D:6      | Reached skill level 10 in Hexes
  5230 | D:6      | Found a bloodstained altar of Trog.
  5352 | D:7      | Noticed Jeremiah
  5354 | D:7      | Killed Jeremiah
  5355 | D:7      | Reached XP level 9. HP: 45/45 MP: 13/13
  5548 | D:7      | Found a sacrificial altar of Ru.
  5606 | D:7      | Found a burning altar of Makhleb.
  5677 | D:7      | Noticed Maurice
  5693 | D:7      | Killed Maurice
  6204 | D:8      | Found a staircase to the Lair.
  6214 | D:7      | HP: 1/45 [yak (13)]
  6214 | D:7      | Slain by a black bear

Illustrated notes

Levels and vault maps discovered:
D:1:      nzn_arrival_crosshair, layout_basic
D:2:      layout_basic, chequers_ecumenical_altar_grove, minmay_pentomino_x2
D:3:      layout_loops_corners, kennysheep_decorative_pillar, uniq_terence
D:4:      layout_loops_ring, fedhas_ov_isle_minmay, nicolae_wormholes
D:5:      layout_rooms, temple_hall, uniq_crazy_yiuf_cottage,
          uniq_prince_ribbit1, uniq_menkaure
D:6:      layout_loops_ring, mainiacjoe_overflow_alcove_2, kennysheep_mini,
          minmay_misc_feat_ornament, serial_park_tiny_pond
D:7:      layout_loops_ring, nicolae_ru_great_annihilating_truth,
          mainiacjoe_overflow_concentric_impassable, minmay_checkerbox,
          uniq_maurice, uniq_jeremiah
D:8:      layout_cave_pools, nicolae_uskayaw_murder_on_the_dancefloor,
          david_lair_generic, ebering_ghost_inner_flame
Temple:   nicolae_temple_bog_church

Skill      XL: |  1  2  3  4  5  6  7  8  9 |
---------------+----------------------------+-----
Stealth        | 5 6 7 8 9 11 12 | 12.8
Hexes          | 5 6 7 8 9 10 12 | 12.0
Ice Magic      | 1 2 |  2.0
Spellcasting   | 3 |  3.0
Short Blades   | 3 4 6 7 |  7.7
Dodging        | |  2.1

Action                     |  1- 3 |  4- 6 |  7- 9 || total
---------------------------+-------+-------+-------++-------
  Melee: Dagger            |    62 |   117 |    61 ||   240
         Bite              |     2 |     9 |    10 ||    21
         Short sword       |       |       |    65 ||    65
   Cast: Ensorcelled Hiber |    11 |    42 |    26 ||    79
         Confusing Touch   |       |     1 |     8 ||     9
Ability: Exsanguinate      |     1 |       |       ||     1
         Lunge             |       |       |    28 ||    28
         Whirlwind         |       |       |     1 ||     1
    Use: Potion            |     1 |     2 |     1 ||     4
         Scroll            |       |       |     1 ||     1
   Stab: Sleeping          |    26 |    34 |    41 ||   101
         Invisible         |     2 |       |       ||     2
         Confused          |       |     1 |     5 ||     6
         Distracted        |       |     1 |       ||     1
 Armour: Robe              |    22 |    71 |    36 ||   129
  Dodge: Dodged            |    30 |    54 |    51 ||   135
